 Dungeon Crawl Stone Soup version 0.26.1-11-gd32895ea62 (webtiles) character file.

Game seed: 11707841183607909909

52 Zeld the Stinger (level 3, 0/30 HPs)
             Began as a Naga Venom Mage on June 15, 2021.
             Slain by Crazy Yiuf
             ... wielding a +4 quarterstaff of chaos
              (8 damage)
             ... on level 2 of the Dungeon.
             The game lasted 00:04:39 (3155 turns).

Zeld the Stinger (Naga Venom Mage)                  Turns: 3155, Time: 00:04:39

Health: 0/30       AC:  2    Str: 10    XL:     3   Next: 85%
Magic:  0/6        EV: 10    Int: 16    God:
Gold:   41         SH:  0    Dex: 11    Spells: 0/6 levels left

rFire    . . .     SeeInvis +   a - +0 trident
rCold    . . .     Faith    .   (no shield)
rNeg     . . .     Spirit   .   j - +0 robe
rPois    +         Reflect  .   (no helmet)
rElec    .         Harm     .   (no cloak)
rCorr    .         Rampage  .   (no gloves)
Will     .....                  (no barding)
Stlth    ++........             (no amulet)
HPRegen  0.10/turn              (no ring)
MPRegen  0.10/turn              (no ring)

@: very slow
A: large, see invisible, deformed body, poison resistance, slowness 2, spit
poison 1, AC +1
a: Spit Poison


You were on level 2 of the Dungeon.
You visited 1 branch of the dungeon, and saw 2 of its levels.

You collected 41 gold pieces.

Inventory:

Hand Weapons
 a - a +0 trident (weapon)
Missiles
 i - 16 poisoned darts (quivered)
Armour
 j - a +0 robe (worn)
Scrolls
 c - a scroll of identify {unknown}
 f - 2 scrolls of teleportation {unknown}
 g - a scroll of remove curse {unknown}
 h - a scroll of random uselessness {unknown}
 k - a scroll of enchant weapon {unknown}
Potions
 b - 2 potions of curing {unknown}
 d - a potion of heal wounds {unknown}
 e - a potion of cancellation {unknown}
 l - 2 potions of might {unknown}


   Skills:
 + Level 0.9 Fighting
 * Level 0.4 Throwing
 + Level 1.8 Dodging
 + Level 3.4 Stealth
 * Level 2.4 Spellcasting
 - Level 1.0 Transmutations
 + Level 0.1 Fire Magic
 + Level 0.5 Air Magic
 * Level 4.6 Poison Magic


You couldn't memorise any spells.
You knew the following spells:

 Your Spells              Type           Power        Failure   Level
a - Sting                 Tmut/Pois      44%          6%          1
b - Poisonous Vapours     Pois/Air       20%          11%         2
c - Ignite Poison         Fire/Tmut/Pois 8%           26%         3

Your spell library contained the following spells:

 Spells                   Type           Power        Failure   Level
 Mephitic Cloud           Conj/Pois/Air  7%           28%         3
 Olgreb's Toxic Radiance  Pois           16%          28%         4


Dungeon Overview and Level Annotations

Branches:
Dungeon (2/15)

Altars:
Makhleb

Annotations:
D:2 Crazy Yiuf


Innate Abilities, Weirdness & Mutations

You cannot wear boots.
Your serpentine skin is tough. (AC +1)
You have supernaturally acute eyesight. (SInv)
Armour fits poorly on your strangely shaped body.
Your system is resistant to poisons. (rPois)
You cover ground very slowly.
You can spit poison.


Message History

You can't see any susceptible monsters within range! (Use Z to cast anyway.)
l - 2 smoky sapphire potions (gained 1)
There are no items here.
You see here a +0 club.
Press: ? - help, . - travel You can't see that place. [the floor.]
Press: ? - help, v - describe, . - travel
Here: Crazy Yiuf, wielding a +4 quarterstaff of chaos and wearing a +2 cloak (wandering, hasn't noticed you, fire blocked by a runed translucent door)
The floor.
You open the door.
Crazy Yiuf says, "Crazy?
Crazy!?
PORCUPINE!"
Crazy Yiuf hits you with a +4 quarterstaff of chaos.
Crazy Yiuf barely misses you.
Crazy Yiuf hits you with a +4 quarterstaff of chaos!
Ouch! That really hurt!
* * * LOW HITPOINT WARNING * * *
You feel your power leaking away.
Crazy Yiuf hits you with a +4 quarterstaff of chaos!
You die...

#.......# ####.#####
######### #)#
#.######## #........#
########.#######
#............#
♣♣♣♣♣#######.#####.#
### ♣♣♣.♣..........#
#.#
#...#♣..♣....g@.#####
#5# #...'.♣♣♣♣......#
#.# #)..#♣♣ ♣♣....##
#.# ### ♣♣#### #.#
##########.#
#≈#∩#≈#....#
#≈≈_≈≈####)##
#≈≈5≈≈#(....#
#.≈.≈.#.....#


You could see Crazy Yiuf.

Vanquished Creatures
  3 adders (D:2)
  A worm (D:2)
  A leopard gecko (D:2)
  2 giant cockroaches (D:1)
  2 goblins (D:1)
  2 hobgoblins
  A quokka (D:2)
  4 bats
  A frilled lizard (D:2)
  A kobold (D:2)
  6 rats
24 creatures vanquished.

Notes
Turn   | Place    | Note
-------+----------+-------------------------------------------
     0 | D:1      | Zeld the Naga Venom Mage began the quest for the Orb.
     0 | D:1      | Reached XP level 1. HP: 15/15 MP: 3/3
   719 | D:1      | Reached XP level 2. HP: 22/22 MP: 0/5
   722 | D:1      | Learned a level 2 spell: Poisonous Vapours
  1664 | D:2      | Found a runed translucent door.
  1665 | D:2      | Noticed Crazy Yiuf
  1698 | D:2      | Reached XP level 3. HP: 30/30 MP: 4/6
  1755 | D:2      | Found a burning altar of Makhleb.
  2647 | D:1      | Learned a level 3 spell: Ignite Poison
  3155 | D:2      | Slain by Crazy Yiuf

Illustrated notes

Levels and vault maps discovered:
D:1:      ncdulo_smallfort, layout_basic
D:2:      layout_loops_corners, makhleb_grotto_becter, minmay_pentomino_q4,
          uniq_crazy_yiuf_cottage

Action                   || total
-------------------------++-------
Melee: Unarmed           ||     6
       Trident           ||    44
 Cast: Sting             ||    50
       Ignite Poison     ||     1
 Abil: Spit Poison       ||     9
 Stab: Sleeping          ||     1
Armor: Robe              ||    18
Dodge: Dodged            ||    34
